AoeStats
← .ebz

Arena

505258885Analyzed
4v4 RM · 25d ago on Sep 8, 2026· 27m 22s· 8 players
Game mode
Random Map
Map size
Large (8 player)
Population
200
Speed
Normal
Resources
Standard
Victory
Conquest
Starting age
Dark Age
Ending age
Imperial Age
RankedLock teamsTeams togetherTeam positionsShared explorationLock speedFull tech treeHidden civsTurbo modeCheats
Victory
Defeat
🇦🇷 Japanese · Argentina
1166
+13
🇵🇱 Bulgarians · Poland
1109
+16
🇹🇼 Britons · Taiwan
1102
+16
🇹🇼 Cumans · Taiwan
1098
+16
🇳🇱 Franks · Netherlands
1271
-21
🇩🇪 Bohemians · Germany
1136
-17
🇵🇱 Huns · Poland
1132
-16
🇵🇱 Persians · Poland
862
-7
明仔
11:26 Feudal Age
16:46 Castle Age
14:11 Man-at-Arms
14:31 Man-at-Arms
15:15 Horse Collar
17:25 Loom
18:28 Double-Bit Axe
22:23 Pikeman
23:03 Squires
23:50 Wheelbarrow
.ebz
11:00 Feudal Age
9:47 Loom
14:53 Castle Age
13:03 Double-Bit Axe
13:05 Horse Collar
14:34 Fletching
20:15 Stone Mining
22:14 Town Watch
24:18 Wheelbarrow
27:21 Hand Cart
Gamer
10:42 Feudal Age
14:37 Castle Age
13:14 Double-Bit Axe
13:38 Horse Collar
16:17 Loom
20:49 Bow Saw
21:04 Heavy Plow
23:04 Wheelbarrow
27:37 Imperial Age
25:09 Gold Mining
26:23 Hand Cart
26:46 Gold Shaft Mining
26:02 Stone Mining
26:46 Town Watch
27:07 Fletching
27:18 Padded Archer Armor
27:40 Ballistics
27:00 Treadmill Crane
27:46 Ballistics
27:31 Town Patrol
27:32 Bodkin Arrow
單細胞
0:35 Loom
3:40 Loom
10:47 Feudal Age
11:24 Double-Bit Axe
11:33 Gold Mining
24:20 Castle Age
23:11 Bloodlines
23:07 Horse Collar
24:06 Wheelbarrow
24:49 Forging
24:45 Scale Barding Armor
26:20 Bow Saw
Obsessive
1:18 Loom
11:43 Feudal Age
12:51 Double-Bit Axe
16:48 Castle Age
14:59 Horse Collar
15:36 Gold Mining
20:21 Stone Mining
Medina90
11:56 Feudal Age
12:13 Loom
15:29 Castle Age
17:20 Scale Barding Armor
26:02 Chain Barding Armor
KoryT
12:04 Feudal Age
12:30 Double-Bit Axe
16:22 Castle Age
14:44 Horse Collar
16:55 Gold Mining
17:18 Stone Mining
20:54 Scale Barding Armor
21:48 Husbandry
23:26 Chain Barding Armor
26:10 Forging
26:44 Wheelbarrow
25:55 Loom
26:31 Bow Saw
LVL 18 Pidgey
12:07 Feudal Age
10:25 Loom
16:34 Castle Age
15:11 Double-Bit Axe
15:08 Horse Collar
16:43 Wheelbarrow
20:23 Chemistry
20:01 Padded Archer Armor
23:24 Treadmill Crane
27:38 Hand Cart
Connection lost

Rejoining the realm…

Still unreachable

The connection could not be restored.

Session expired

The server has moved on; the page needs a fresh start.